 Dungeon Crawl Stone Soup version 0.28-a0-1348-g050f3537b9 (webtiles) character file.

Game seed: 9468734349895059192

118421 Deminshera the Unseen (level 17, -3/99 (113) HPs)
             Began as a Kobold Brigand on Dec 30, 2021.
             Was a High Priest of Wu Jian.
             Slain by Asterion (26 damage)
             ... on level 1 of the Spider Nest.
             The game lasted 01:18:00 (45457 turns).

Deminshera the Unseen (Kobold Brigand)             Turns: 45457, Time: 01:18:00

HP:   -3/99 (113)   AC: 13    Str: 21    XL:     17   Next: 31%
MP:   17/17         EV: 24    Int:  9    God:    Wu Jian [*****.]
Gold: 147           SH:  9    Dex: 17    Spells: 16/16 levels left

rFire   + + .      SeeInvis .   n - +2 dagger (elec)
rCold   + + .      Faith    .   y - +2 buckler {rF+}
rNeg    + + .      Spirit   .   M - +0 troll leather armour
rPois   +          Reflect  .   (no helmet)
rElec   +          Harm     .   i - +1 cloak
rCorr   +          Rampage  .   q - +1 pair of gloves {infuse}
Will    ++...                   c - +0 pair of boots
Stlth   ++++++++..              C - amulet of the acrobat
HPRegen 1.06/turn               e - ring of Zolon {rN++ AC+4 Str+6 Int-4}
MPRegen 0.15/turn               L - ring of the Endless Expanse {*Slow rPois rC+ Will+ Slay+3}

@: exhausted, resistant, hasted, studying Invocations, heavily drained, very
quick
A: small, no large weapons, nightstalker 3
a: Renounce Religion, Wall Jump, Serpent's Lash, Heavenly Storm


You were on level 1 of the Spider Nest.
You worshipped Wu Jian.
Wu Jian was extremely pleased with you.
You visited 5 branches of the dungeon, and saw 26 of its levels.
You also visited: Volcano.

You collected 3167 gold pieces.
You spent 3020 gold pieces at shops.

Inventory:

Hand Weapons
 j - a +1 short sword of electrocution
 n - a +2 dagger of electrocution (weapon)
 D - the +8 demon blade "Leech" {vamp, Harm Drain rN+}
   (You bought it in a shop on level 2 of the Orcish Mines)

   It heals its wielder for a portion of the damage dealt every time it strikes
   a living foe.
   rN:        It protects you from negative energy.
   Drain:     It drains your maximum health when unequipped.
   Harm:      It increases damage dealt and taken.
 F - a +1 dagger of venom
Missiles
 d - 105 poisoned darts
 o - 9 curare-tipped darts (quivered)
 w - 2 throwing nets
Armour
 c - a +0 pair of boots (worn)
 i - a +1 cloak (worn)
 q - a +1 pair of gloves of infusion (worn)
 y - a +2 buckler of fire resistance (worn)
 K - +0 ice dragon scales
 M - a +0 troll leather armour (worn)
 Q - a +0 leather armour of fire resistance
Jewellery
 e - the ring of Zolon (left hand) {rN++ AC+4 Str+6 Int-4}
   (You acquired it on level 12 of the Dungeon)

   [ring of protection]

   AC:        It affects your AC (+4).
   Str:       It affects your strength (+6).
   Int:       It affects your intelligence (-4).
   rN:        It greatly protects you from negative energy.
 B - a ring of protection from cold
 C - an amulet of the acrobat (around neck)
 L - the ring of the Endless Expanse (right hand) {*Slow rPois rC+ Will+ Slay+3}
   (You found it on level 12 of the Dungeon)

   [ring of poison resistance]

   Slay:      It affects your accuracy & damage with ranged weapons and melee
   (+3).
   rC:        It protects you from cold.
   rPois:     It protects you from poison.
   *Slow:     It may slow you when you take damage.
   Will:      It increases your willpower.
 R - a ring of willpower
Wands
 k - a wand of acid (3)
 p - a wand of iceblast (37)
 z - a wand of mindburst (7)
 A - a wand of digging (4)
 V - a wand of paralysis (4)
Scrolls
 f - 9 scrolls of teleportation
 g - a scroll of vulnerability
 h - 3 scrolls of enchant weapon
 r - 3 scrolls of immolation
 v - a scroll of fear
 G - 3 scrolls of fog
 N - 4 scrolls of amnesia
 O - a scroll of holy word
 T - 2 scrolls of enchant armour
 U - a scroll of summoning
 Y - a scroll of brand weapon {unknown}
 Z - 7 scrolls of identify
Potions
 b - 4 potions of lignification
 l - 7 potions of curing
 t - 2 potions of flight
 u - a potion of ambrosia
 x - 2 potions of magic
 I - 9 potions of haste
 P - 3 potions of cancellation


   Skills:
 - Level 15.0 Fighting
 - Level 19.5(20.1) Short Blades
 + Level 5.5(10.1) Long Blades
 - Level 2.1 Throwing
 - Level 15.0 Dodging
 - Level 20.0 Stealth
 - Level 5.6 Shields
 - Level 8.0 Evocations


You had 16 spell levels left.
You didn't know any spells.
Your spell library contained the following spells:

 Spells                   Type           Power      Damage    Failure   Level
 Animate Skeleton         Necr           0%         N/A       43%         1
 Magic Dart               Conj           0%         1d3       43%         1
 Pain                     Necr           0%         1d4       43%         1
 Summon Small Mammal      Summ           0%         N/A       43%         1
 Call Imp                 Summ           0%         N/A       56%         2
 Scorch                   Fire           0%         2d5       56%         2
 Static Discharge         Conj/Air       0%         N/A       56%         2
 Call Canine Familiar     Summ           0%         N/A       80%         3
 Mephitic Cloud           Conj/Pois/Air  0%         N/A       80%         3
 Ozocubu's Armour         Ice            0%         N/A       80%         3
 Summon Guardian Golem    Hex/Summ       0%         N/A       80%         3
 Vampiric Draining        Necr           0%         2d6       80%         3
 Dispel Undead            Necr           0%         3d6       99%         4
 Flame Wave               Conj/Fire      0%         2d4       99%         4
 Leda's Liquefaction      Hex/Erth       0%         N/A       99%         4
 Sticky Flame             Conj/Fire      0%         2d3       99%         4
 Summon Lightning Spire   Summ/Air       0%         N/A       99%         4
 Lee's Rapid Deconstruct  Erth           0%         3d5*      100%        5
 Metabolic Englaciation   Hex/Ice        0%         N/A       100%        5
 Dispersal                Tloc           0%         N/A       100%        6
 Simulacrum               Ice/Necr       0%         N/A       100%        6
 Statue Form              Tmut/Erth      0%         N/A       100%        6
 Summon Cactus Giant      Summ           0%         N/A       100%        6
 Ozocubu's Refrigeration  Ice            0%         4d5       100%        7
 Storm Form               Tmut/Air       0%         N/A       100%        7
 Disjunction              Tloc           0%         N/A       100%        8
 Maxwell's Capacitive Co  Air            0%         ∞         100%        8


Dungeon Overview and Level Annotations

Branches:
Dungeon (15/15)            Temple (1/1) D:4            Lair (6/6) D:9
  Snake (0/4) Lair:4       Spider (2/4) Lair:2        Slime (0/5) Lair:6
    Orc (2/2) D:9             Elf (0/3) Orc:2        Vaults (0/5) D:13
 Depths (0/4) D:15        Volcano (visited)

Altars:
Ashenzari
Cheibriados
Dithmenos
Elyvilon
Fedhas
Gozag
Hepliaklqana
Kikubaaqudgha
Makhleb
Nemelex Xobeh
Okawaru
Qazlal
Ru
Sif Muna
Trog
Uskayaw
Vehumet
Wu Jian
Xom
Yredelemnul
Zin
The Shining One

Shops:
D:8 [(   D:15 *   Orc:2 [=*(

Annotations:
D:6 erthbison's ghost, novice GrFi
D:14 fritzmikael's ghost, adept MiFi
Spider:1 Asterion


Innate Abilities, Weirdness & Mutations

You are small and have problems with some larger weapons.
You are completely attuned to the shadows.


Message History

Asterion blocks your attack.
Asterion is moderately wounded.
Asterion says, "Soon your soul will belong to Makhleb."
Asterion mumbles some strange prayers to Makhleb.
You block Asterion's attack. Asterion gores you!
Unknown command.
You fail to use your ability.
You block Asterion's attack. Asterion misses you. The balrug gestures at you.
The sticky flame hits you but does no damage.
You resist.
You are covered in liquid flames!
You feel yourself speed up.
You are covered in liquid flames!
You block Asterion's attack. x2; The balrug hits you but does no damage.
You partially resist. You block Asterion's attack. Asterion misses you.
You feel protected.
You are covered in liquid flames!
You are no longer on fire.
Asterion misses you. You block Asterion's attack. The balrug gestures at you.
The sticky flame misses you.
You are confused.
You feel invigorated.
Asterion hits you with a +1 demon trident of draining!!
You partially resist.
You feel drained. Asterion completely misses you.
The balrug hits you with a +1 demon whip of draining!
You are engulfed in flames.
You resist. You partially resist.
You feel drained.
You bump into the rock wall.
Asterion barely misses you. Asterion completely misses you.
The balrug misses you.
Asterion hits you from afar with a +1 demon trident of draining!!
* * * LOW HITPOINT WARNING * * *
You partially resist.
You feel drained.
* * * LOW HITPOINT WARNING * * *
You are too confused!
You feel better.
You feel less invigorated. Asterion closely misses you.
The balrug closely misses you.
As you read the scroll of fog, it crumbles to dust.
The scroll dissolves into smoke.
Asterion hits you from afar with a +1 demon trident of draining!!
You die...

.# ##....##.#..####.##....... .##
##........### ##.#....... ..#
##.#........## #.#......^ ..##
##.#..........####........ ##.#
##.##...........###........ #.#
##.####...........##.#......
##.###.## ##.§§§.......#.#......
.##.#...## ##§§§§§.......##.....
....#....### #§§@§...........^...
...##......#####§2...>...###.....
...##.......####H.§..[.### ##....
...###........#.##....#.# #....
..#######.......###..##.# ##.#.
.##.## #######.#######.## ###.
##.#.## ##.####....######.#
##.##.## #...####....##.###
#..###.############# ##..##..#


You could see Asterion (fast) and a balrug (summoned).

Vanquished Creatures
  Rupert (D:13)
  An orc warlord (Orc:2)
  Nessos (D:13)
  An ice dragon (D:9)
  4 vault guards (D:13)
  6 boulder beetles
  9 hydras
  5 catoblepae
  A two-headed ogre (D:13)
  Erica (D:8)
  3 centaur warriors
  9 death yaks
  3 tengu warriors
  3 orc high priests (Orc:2)
  Sonja (Lair:5)
  2 pharaoh ants (Spider:1)
  3 skeletal warriors (D:14)
  3 sun moths (Spider:1)
  The ghost of Deminshera the Fighter, a novice DsFi of Hepliaklqana (D:7)
  4 steelbarb worms
  2 orb spiders
  4 orc knights
  A harpy (shapeshifter) (D:15)
  Pikel (D:6)
  3 wizards
  A necromancer (D:15)
  A wolf spider zombie (D:15)
  3 deep elf pyromancers
  9 wolf spiders (Spider:1)
  4 cyclopes
  A deep elf zephyrmancer (D:15)
  3 orc sorcerers (Orc:2)
  3 ugly things
  6 manticores
  18 elephants
  2 moths of wrath
  Joseph (D:8)
  6 black mambas
  10 cane toads
  2 gargoyles (Volcano)
  A naga mage (D:15)
  17 komodo dragons
  A rime drake (Lair:4)
  A freezing wraith (D:12)
  3 demonic crawlers (Spider:1)
  An efreet (Volcano)
  9 meliai
  9 trolls
  Grinder (D:6)
  3 polar bears
  13 dream sheep
  13 tarantellas
  21 slime creatures
  23 blink frogs
  7 jumping spiders
  Sigmund (D:2)
  4 culicivoras
  A vampire (D:12)
  A spriggan (shapeshifter) (D:15)
  7 wyverns
  A shadow (D:13)
  61 yaks
  Grum (D:8)
  3 basilisks
  A fire elemental (Volcano)
  A steam dragon (D:8)
  12 redbacks
  4 vampire mosquitoes
  3 wargs
  2 swamp worms (Lair:4)
  25 water moccasins
  5 black bears
  26 orc warriors
  An ice beast (D:6)
  A sky beast (D:6)
  A hornet zombie (D:7)
  3 boggarts (D:12)
  10 wolves
  7 ogres
  3 lemures (D:7)
  2 phantoms
  2 kobold brigands
  17 bullfrogs
  A gnoll sergeant (D:9)
  A wyvern zombie (D:8)
  4 scorpions
  2 water moccasin skeletons (D:6)
  A hornet simulacrum (D:15)
  A wight (D:9)
  A killer bee (D:10)
  An electric eel (D:9)
  3 howler monkeys
  2 vampire bats (Lair:3)
  8 centaur zombies
  14 jellies
  2 hounds
  A bullfrog skeleton (D:7)
  9 orc priests
  A gnoll shaman (D:7)
  2 iguanas
  12 orc wizards
  7 hell rats
  A howler monkey zombie (D:10)
  11 gnolls
  2 howler monkey skeletons
  8 adders
  9 river rats (Lair:6)
  4 white imps
  An ufetubus (D:6)
  2 adder skeletons (D:4)
  A worm (D:3)
  29 orcs
  6 bats
  6 endoplasms
  A giant cockroach (D:1)
  4 goblins
  6 hobgoblins
  2 quokkas
  5 ball pythons
  7 frilled lizards
  21 kobolds
  3 rats
674 creatures vanquished.

Vanquished Creatures (others)
  77 fungi
  57 plants
134 creatures vanquished.

Grand Total: 808 creatures vanquished

Notes
Turn   | Place    | Note
-------+----------+-------------------------------------------
     0 | D:1      | Deminshera the Kobold Brigand began the quest for the Orb.
     0 | D:1      | Reached XP level 1. HP: 12/12 MP: 1/1
   407 | D:1      | Reached XP level 2. HP: 18/18 MP: 2/2
  1234 | D:2      | Reached XP level 3. HP: 21/22 MP: 3/3
  2008 | D:2      | Noticed Sigmund
  2011 | D:2      | Killed Sigmund
  2012 | D:2      | Reached skill level 5 in Short Blades
  2012 | D:2      | Reached skill level 6 in Stealth
  2012 | D:2      | Reached XP level 4. HP: 29/29 MP: 4/4
  2012 | D:2      | Reached XP level 5. HP: 33/33 MP: 5/5
  2012 | D:2      | Reached XP level 6. HP: 38/38 MP: 6/6
  2487 | D:3      | Found a faded altar of an unknown god.
  3639 | D:4      | Found a staircase to the Ecumenical Temple.
  3645 | Temple   | Entered the Ecumenical Temple
  4157 | Temple   | Became a worshipper of the Wu Jian Council
  4229 | D:4      | Reached skill level 7 in Stealth
  4300 | D:4      | Reached XP level 7. HP: 43/43 MP: 7/7
  4903 | D:5      | Entered Level 5 of the Dungeon
  4943 | D:5      | Reached skill level 1 in Shields
  5989 | D:5      | Reached XP level 8. HP: 48/48 MP: 8/8
  6402 | D:6      | Found a runed translucent gate.
  6402 | D:6      | Found a runed translucent gate.
  6402 | D:6      | Found a runed translucent gate.
  6404 | D:6      | Found an opulent altar of Gozag.
  6469 | D:6      | Noticed Grinder
  6472 | D:6      | Killed Grinder
  6473 | D:6      | Reached skill level 5 in Shields
  6547 | D:5      | Reached * piety under Wu Jian
  6972 | D:6      | Reached XP level 9. HP: 53/53 MP: 9/9
  7033 | D:6      | Reached skill level 8 in Stealth
  7249 | D:6      | Reached skill level 5 in Fighting
  7338 | D:6      | Noticed a red ugly thing
  7338 | D:6      | Noticed erthbison's ghost (novice GrFi)
  8444 | D:5      | Killed a red ugly thing
  8445 | D:5      | Reached skill level 9 in Stealth
 10392 | D:7      | Reached skill level 10 in Stealth
 10844 | D:7      | Noticed Pikel
 11126 | D:6      | Killed Pikel
 11127 | D:6      | Reached XP level 10. HP: 9/65 MP: 10/10
 11763 | D:7      | Found a runed translucent gate.
 11764 | D:7      | Found a runed translucent gate.
 11764 | D:7      | Noticed Deminshera's ghost (novice DsFi)
 11765 | D:7      | Found a runed translucent gate.
 11766 | D:7      | Found a basalt altar of Yredelemnul.
 11829 | D:7      | Killed Deminshera's ghost
 11830 | D:7      | Reached skill level 10 in Fighting
 12226 | D:8      | Found Zezxeh's Weapon Shoppe.
 12249 | D:8      | Noticed Erica
 12252 | D:8      | Killed Erica
 12253 | D:8      | Reached skill level 11 in Stealth
 12316 | D:8      | Found Camuybav's Armour Shop.
 12401 | D:8      | Noticed Grum
 13220 | D:8      | Noticed Joseph
 13223 | D:8      | Killed Joseph
 13260 | D:8      | Killed Grum
 13537 | D:8      | Bought a +1 pair of gloves of infusion for 198 gold pieces
 13621 | D:8      | Reached skill level 12 in Stealth
 13772 | D:9      | Reached XP level 11. HP: 74/74 MP: 3/11
 14688 | D:9      | Reached ** piety under Wu Jian
 14756 | D:9      | Found a staircase to the Orcish Mines.
 14834 | D:9      | Found a staircase to the Lair.
 15286 | D:9      | Noticed an ice dragon
 15290 | D:9      | Killed an ice dragon
 15291 | D:9      | Reached skill level 13 in Stealth
 15755 | D:9      | Reached skill level 14 in Stealth
 16440 | D:10     | Entered Level 10 of the Dungeon
 17041 | D:10     | You fall into a shaft and drop 2 floors!
 17144 | D:12     | Noticed a cyclops
 17147 | D:12     | Killed a cyclops
 17161 | D:12     | Identified the ring of the Endless Expanse {*Slow rPois rC+
                  | Will+ Slay+3}
 17429 | D:12     | HP: 1/77 [slime creature (16)]
 17866 | D:12     | Identified a scroll of acquirement
 17875 | D:12     | Acquired the ring of Zolon {rN++ AC+4 Str+6 Int-4}
 18440 | D:10     | Reached skill level 15 in Stealth
 18440 | D:10     | Reached XP level 12. HP: 84/84 MP: 10/12
 19239 | D:11     | Reached skill level 5 in Dodging
 19249 | D:11     | Noticed a centaur warrior
 19254 | D:11     | Killed a centaur warrior
 19447 | D:11     | Noticed a tengu warrior
 19522 | Lair:1   | Entered Level 1 of the Lair of Beasts
 19642 | Lair:1   | Reached *** piety under Wu Jian
 20040 | Lair:1   | Noticed a seven-headed hydra
 20177 | Lair:1   | Reached skill level 1 in Evocations
 20298 | Lair:1   | Noticed a five-headed hydra
 20302 | Lair:1   | Killed a five-headed hydra
 20460 | Lair:1   | Killed a seven-headed hydra
 20461 | Lair:1   | Reached skill level 5 in Evocations
 20640 | Lair:1   | You fall into a shaft and drop 1 floor!
 20845 | Lair:2   | Reached XP level 13. HP: 88/88 MP: 3/13
 20956 | Lair:2   | Found a dark tunnel.
 21001 | Volcano  | Entered a volcano
 21496 | Lair:2   | Reached skill level 10 in Short Blades
 22057 | Lair:2   | Found a hole to the Spider Nest.
 22158 | Lair:2   | Reached **** piety under Wu Jian
 24059 | Lair:3   | Reached ***** piety under Wu Jian
 25154 | Lair:4   | Reached skill level 15 in Short Blades
 25154 | Lair:4   | Reached XP level 14. HP: 94/94 MP: 12/14
 25473 | Lair:4   | Found a staircase to the Snake Pit.
 25644 | Lair:4   | Reached skill level 16 in Stealth
 26612 | Lair:4   | Found a staircase to the Snake Pit.
 27611 | Lair:5   | Identified the +6 chain mail "Zouk" {rN+ Int+3}
 27666 | Lair:5   | Noticed Sonja
 27694 | Lair:5   | Killed Sonja
 28319 | Lair:5   | Reached skill level 17 in Stealth
 28532 | Lair:5   | Reached skill level 10 in Dodging
 29140 | Lair:6   | Entered Level 6 of the Lair of Beasts
 29485 | Lair:6   | Reached XP level 15. HP: 86/101 MP: 1/15
 30435 | Lair:6   | Reached ****** piety under Wu Jian
 30462 | Lair:6   | Reached skill level 15 in Fighting
 30879 | Lair:6   | Reached skill level 18 in Stealth
 31236 | Lair:6   | Identified the amulet "Haraycle" {Spirit Fly}
 31326 | Lair:6   | Found a staircase to the Slime Pits.
 33344 | D:13     | Found a gate to the Vaults.
 33955 | D:13     | Noticed Rupert
 33958 | D:13     | Killed Rupert
 34035 | D:13     | Noticed Nessos
 34037 | D:13     | Killed Nessos
 34112 | D:13     | Reached skill level 19 in Stealth
 35004 | D:13     | Reached XP level 16. HP: 108/108 MP: 14/16
 35845 | D:14     | Found a shimmering blue altar of Sif Muna.
 37154 | D:15     | Entered Level 15 of the Dungeon
 37219 | D:15     | Noticed fritzmikael's ghost (adept MiFi)
 37433 | D:15     | Found a runed translucent door.
 37566 | D:15     | Found a staircase to the Depths.
 38060 | D:15     | Found Cestrido's General Store.
 38065 | D:15     | Bought a potion of heal wounds for 65 gold pieces
 38065 | D:15     | Bought a potion of haste for 130 gold pieces
 38524 | D:15     | Reached skill level 20 in Stealth
 38822 | D:15     | HP: 4/108 [fritzmikael's ghost (25)]
 39277 | Orc:1    | Entered Level 1 of the Orcish Mines
 39466 | Orc:2    | Entered Level 2 of the Orcish Mines
 40420 | Orc:2    | Found Odataz's General Store.
 40444 | Orc:2    | Found Udatrut's Weapon Shop.
 40473 | Orc:2    | Found Waom's Antique Armour Shop.
 40528 | Orc:2    | Found a staircase to the Elven Halls.
 40659 | Orc:2    | Found Itammej's Antique Weapon Emporium.
 40831 | Orc:2    | Found Finoaleat's Jewellery Shop.
 41047 | Orc:2    | Acquired 1083 gold pieces
 41054 | Orc:2    | Bought the +8 demon blade "Leech" {vamp, Harm Drain rN+}
                  | for 2627 gold pieces
 41054 | Orc:2    | Found the +8 demon blade "Leech" {vamp, Harm Drain rN+}
 41217 | Spider:1 | Entered Level 1 of the Spider Nest
 41242 | Spider:1 | Reached skill level 1 in Long Blades
 41555 | Spider:1 | Reached XP level 17. HP: 113/113 MP: 7/17
 42285 | Spider:1 | Reached skill level 15 in Dodging
 44327 | Spider:2 | Reached skill level 5 in Long Blades
 44723 | Spider:2 | Noticed Asterion
 45457 | Spider:1 | Slain by Asterion

Illustrated notes

Levels and vault maps discovered:
D:1:      evilmike_arrival_rings, layout_loops_cross
D:2:      layout_basic, serial_forest, infiniplex_forest_clump_curved,
          infiniplex_forest_zigzag_2, infiniplex_forest_clump_cross,
          infiniplex_forest_straight_5, infiniplex_forest_straight_5,
          infiniplex_forest_end_1, infiniplex_forest_end_3, uniq_sigmund
D:3:      layout_basic, hellmonk_ecumenical_altar_arch_garden
D:4:      layout_cave_pools, minmay_temple_entry_fiery, portal_sewer_entry_d,
          hangedman_decor_lopped, nicolae_elevator_lobby_asterisk
D:5:      cheibrodos_helix_gallery, layout_gridville, corexii_leaking_fountain
D:6:      layout_cave_pods, ebering_ghost_gozag, small_statue_intersection,
          minmay_door_square, uniq_grinder
D:7:      layout_loops_ring, nicolae_yredelemnul_ghost_church, uniq_pikel
D:8:      layout_gridville, serial_shops, nicolae_shop_bloodbath_and_beyond,
          nicolae_shop_hallway_stairs, uniq_erica, uniq_grum, uniq_joseph
D:9:      dragon1_lemuel, layout_loops_corners, due_lair_maze_entry_diamond,
          orc_0_dummy, minmay_quadrilaterals
D:10:     layout_stronghold
D:11:     layout_rooms, minmay_pinched_square
D:12:     layout_irregular_city
D:13:     layout_stronghold, lightli_vaults_fourway_checkpoint, uniq_rupert,
          uniq_nessos
D:14:     layout_basic, nicolae_sif_muna_condensation
D:15:     grunt_enter_depths_magical_seal, layout_loops_cross, serial_shops,
          shop, hellmonk_ghost_happy_afterlife
Temple:   mainiacjoe_temple_trianglar_array
Lair:1:   layout_misc_corridors, beast_lair_carwin_6
Lair:2:   layout_regular_city, spider_nest_entry_webs,
          nicolae_volcano_entry_two_sided, serial_bayou_ford_a,
          chequers_serial_rivers_room_b
Lair:3:   layout_cave_pods, roderic_batcave, st_stairs_3,
          infiniplex_staircase_pool_2
Lair:4:   layout_regular_city, dummy_snake_entry, worms_lemuel,
          grunt_megastairs_2
Lair:5:   layout_hall_layers, chequers_serial_rivers_small_3,
          grunt_megastairs_3, uniq_sonja
Lair:6:   evilmike_catoblepas_cave, layout_cave_pods,
          minmay_slime_entry_jelly_boxes, kennysheep_rathole
Spider:1: layout_chambers
Spider:2: layout_spider_delve, nicolae_spider_altar_of_dancing, uniq_asterion
Orc:1:    layout_diamond_mine, lemuel_statue_altar
Orc:2:    grunt_orc_gardens, layout_caves, grunt_orc_garden, grunt_orc_garden,
          grunt_orc_garden, grunt_orc_garden, serial_shops, nicolae_shop_crystal

Skill      XL: |  1  2  3  4  5  6  7  8  9 10 11 12 13 14 15 16 17 |
---------------+----------------------------------------------------+-----
Short Blades   | 3 5 6 7 8 15 16 18 19 | 19.5
Fighting       | 3 4 8 11 13 14 15 | 15.0
Stealth        | 6 7 10 12 15 17 19 20 | 20.0
Shields        | 3 5 |  5.6
Dodging        | 4 8 10 12 14 15 | 15.0
Evocations     | 6 8 |  8.0
Long Blades    | 2 5 |  5.5
Throwing       | |  2.1

Action                   |  1- 3 |  4- 6 |  7- 9 | 10-12 | 13-15 | 16-18 || total
-------------------------+-------+-------+-------+-------+-------+-------++-------
Melee: Dagger            |    40 |       |       |   101 |       |   288 ||   429
       Short sword       |    30 |    55 |   240 |   354 |  1133 |   530 ||  2342
       Demon blade       |       |       |       |       |       |    73 ||    73
Throw: Dart              |       |       |     8 |       |     1 |       ||     9
Invok: Lunge             |       |     2 |    30 |    35 |    75 |    59 ||   201
       Whirlwind         |       |       |    16 |    35 |   344 |   282 ||   677
       Serpent's Lash    |       |       |       |       |     4 |    17 ||    21
       Heavenly Storm    |       |       |       |       |       |     2 ||     2
 Abil: Wall Jump         |       |       |       |       |     6 |     4 ||    10
Evoke: Wand              |       |       |     5 |     6 |     2 |     2 ||    15
  Use: Scroll            |       |     3 |     1 |    19 |     8 |    11 ||    42
       Potion            |       |     1 |     5 |     1 |     3 |    11 ||    21
 Stab: Sleeping          |    16 |     9 |    23 |    45 |   112 |    58 ||   263
       Distracted        |       |       |     2 |     4 |     7 |     3 ||    16
       Petrifying        |       |       |       |       |     5 |       ||     5
       Petrified         |       |       |       |       |     2 |       ||     2
       Invisible         |       |       |       |       |       |     2 ||     2
Armor: Robe              |    10 |    10 |    39 |    36 |       |       ||    95
       Troll leather arm |       |       |       |    26 |    71 |    91 ||   188
       Ice dragon scales |       |       |       |     1 |       |       ||     1
       Leather armour    |       |       |       |       |    19 |       ||    19
Dodge: Dodged            |    29 |    21 |    80 |   211 |   366 |   483 ||  1190
Block: Buckler           |       |       |    40 |   168 |   185 |   250 ||   643

Table legend: (Time is in decaauts)
 A = Elapsed time spent in this place.
 B = Non-inter-level travel time spent in this place.
 C = Inter-level travel time spent in this place.
 D = Time resting spent in this place.
 E = Time spent auto-exploring this place.
 F = Levels seen in this place.
 G = Mean time per level.
                   A        B        C        D        E       F      G
               +--------+--------+--------+--------+--------+-----+--------+
         Total |  45070 |  43421 |   1649 |  13306 |  24254 |  27 | 1669.3 |
       Dungeon |  26228 |  25341 |    887 |   8408 |  13444 |  15 | 1748.5 |
        Temple |    541 |    477 |     64 |      0 |    475 |   1 |  541.0 |
          Lair |  11795 |  11422 |    373 |   2228 |   7689 |   6 | 1965.8 |
   Spider Nest |   4207 |   4050 |    157 |   2240 |   1314 |   2 | 2103.5 |
  Orcish Mines |   1857 |   1691 |    166 |    430 |   1041 |   2 |  928.5 |
       Volcano |    440 |    440 |      0 |      0 |    290 |   1 |  440.0 |
               +--------+--------+--------+--------+--------+-----+--------+

Top non-repeatable levels by time:
Spider:1: 4076 daAuts
     D:5: 3330 daAuts
  Lair:4: 2635 daAuts
  Lair:6: 2487 daAuts
    D:14: 2443 daAuts
    D:13: 2222 daAuts
     D:9: 2189 daAuts
     D:7: 2125 daAuts
    D:12: 2014 daAuts
  Lair:5: 1916 daAuts
     D:8: 1861 daAuts
    D:10: 1791 daAuts
  Lair:1: 1767 daAuts
     D:6: 1599 daAuts
  Lair:2: 1566 daAuts
